 Dungeon Crawl Stone Soup version 0.23.2 (webtiles) character file.

Game seed: 5456350886317990393

2044 Revguard the Chopper (level 9, -1/59 HPs)
             Began as a Demonspawn Gladiator on Apr 1, 2019.
             Was a Believer of Makhleb.
             Slain by a hornet (9 damage)
             ... on level 7 of the Dungeon.
             The game lasted 00:19:37 (6595 turns).

Revguard the Chopper (Demonspawn Gladiator)         Turns: 6595, Time: 00:19:38

Health: -1/59      AC: 11    Str: 20    XL:     9   Next: 4%
Magic:  12/12      EV: 18    Int:  9    God:    Makhleb [**....]
Gold:   310        SH:  0    Dex: 25    Spells: 8/8 levels left

rFire    . . .     SeeInvis .   x - +4 war axe (freeze)
rCold    . . .     Gourm    .   (no shield)
rNeg     + . .     Faith    .   o - +1 chain mail
rPois    .         Spirit   .   c - +0 helmet
rElec    .         Reflect  .   (no cloak)
rCorr    .         Harm     .   (no gloves)
MR       .....                  (no boots)
Stlth    ..........             h - amulet of magic regeneration
HPRegen  0.19/turn              k - +3 ring of dexterity
MPRegen  0.38/turn              q - ring of positive energy

@: agile, lethally poisoned (-1 -> -15), slowed, very slow
A: talons 2, repulsion field 1, agile 1, frail 1, powered by pain 2, strong 1
a: Minor Destruction, Renounce Religion


You were on level 7 of the Dungeon.
You worshipped Makhleb.
Makhleb was pleased with you.
You were not hungry.

You visited 2 branches of the dungeon, and saw 8 of its levels.

You collected 310 gold pieces.

Inventory:

Hand Weapons
 x - a +4 war axe of freezing (weapon)
Missiles
 d - 3 throwing nets (quivered)
Armour
 c - a +0 helmet (worn)
 o - a +1 chain mail (worn)
Jewellery
 h - an amulet of magic regeneration (around neck)
 k - a +3 ring of dexterity (left hand)
 q - a ring of positive energy (right hand)
 A - an uncursed ring of fire
Wands
 t - a wand of iceblast (13)
 y - a wand of digging (5)
Scrolls
 e - 2 scrolls of teleportation
 g - a scroll of enchant armour
 j - a scroll of immolation
 l - 4 scrolls of identify
 m - 2 scrolls of amnesia
 n - 3 scrolls of remove curse
 s - a scroll of magic mapping
 u - 2 scrolls of fear
Potions
 i - 2 potions of degeneration
 p - a potion of brilliance
 r - a potion of agility
 v - a potion of might
Comestibles
 f - 14 rations


   Skills:
 + Level 4.7 Fighting
 + Level 7.7 Axes
 - Level 1.7 Throwing
 + Level 4.7 Armour
 + Level 4.1 Dodging
 * Level 5.2 Invocations


You had 8 spell levels left.
You didn't know any spells.
Your spell library contained the following spells:

 Spells                   Type           Power        Failure   Level  Hunger
 Summon Small Mammal      Summ           #...         98%         1    ##.....
 Call Imp                 Summ           #.......     99%         2    ###....
 Call Canine Familiar     Summ           #.......     100%        3    ####...
 Summon Guardian Golem    Hex/Summ       #.......     100%        3    ####...
 Summon Ice Beast         Ice/Summ       #.......     100%        4    #####..
 Summon Lightning Spire   Summ/Air       #.......     100%        4    #####..


Dungeon Overview and Level Annotations

Branches:
Dungeon (7/15)             Temple (1/1) D:4

Altars:
Ashenzari
Gozag
Makhleb
Nemelex Xobeh
Uskayaw
Wu Jian
Xom
Yredelemnul
Zin
The Shining One

Shops:
D:6 *   D:7 [


Innate Abilities, Weirdness & Mutations

You have razor-sharp toenails.
You are surrounded by a mild repulsion field. (EV +2)
You sometimes gain power by taking damage.
You are agile. (Dex +2)
You are frail. (-10% HP)
Your muscles are strong. (Str +2)


Message History

You are more poisoned.
You feel as though you will be slow longer.
You feel better. The hornet stings you.
You are poisoned.
You feel as though you will be slow longer.
The hornet closely misses you. x2
You miss the hornet. You claw the hornet.
The hornet is almost dead.
You feel sick. The hornet closely misses you. x2
You hit the hornet. You freeze the hornet.
You claw the hornet, but do no damage.
The hornet is almost dead.
The hornet barely misses you. The hornet stings you!
* * * LOW HITPOINT WARNING * * *
You focus on the pain.
You feel agile all of a sudden.
You are lethally poisoned!
You feel as though you will be slow longer.
The hornet stings you!
You die...

#.# #..##..# #+##..#
#.#####.###..##..###.#
#......
#.......<..>.........#
+..##+#
#######.#######..###.######.#
# #............#..#...'.#
#..######..#.#..#...#.# #..#
###..#.#.P##'##.# #..#
#..y.(....+..#..# #..#
#.#@......#..#..+ #..#
#.#.##.#.###'#..#
#..####.#(.#.#.#..(#.....#
#.......).8.(..#...##+#...
#.####÷)#..(.÷.##(## ##+#
#.####.<##.###..#..# #
#.##....##∩###..#..####
#...............##†#.P####
####.#.###.##...P†.)..P..#


You could see a hornet.

Vanquished Creatures
  Prince Ribbit (D:5)
  Sigmund (D:2)
  A hungry ghost (D:7)
  Edmund (D:6)
  An ogre (D:6)
  A centaur (D:6)
  2 bullfrogs
  2 big kobolds
  2 scorpions
  3 wights (D:6)
  6 crimson imps
  An orc wizard (D:4)
  A gnoll shaman (D:6)
  3 hounds
  2 bullfrog skeletons
  2 centaur skeletons
  3 worker ants
  A hound zombie (D:5)
  A hound skeleton (D:5)
  Robin (D:2)
  A worker ant zombie (D:6)
  5 adders
  8 gnolls
  A shadow imp (D:6)
  An ooze (D:2)
  2 adder skeletons (D:4)
  A worm (D:3)
  2 dart slugs
  2 leopard geckos
  11 orcs
  6 giant cockroaches
  15 goblins
  11 hobgoblins
  7 jackals
  4 quokkas
  8 bats
  4 frilled lizards
  17 kobolds
142 creatures vanquished.

Notes
Turn   | Place    | Note
-------+----------+-------------------------------------------
     0 | D:1      | Revguard the Demonspawn Gladiator began the quest for the
                  | Orb.
     0 | D:1      | Reached XP level 1. HP: 16/16 MP: 1/1
   434 | D:1      | Gained mutation: You are surrounded by a mild repulsion
                  | field. (EV +2) [demonic ancestry]
   434 | D:1      | Reached XP level 2. HP: 22/22 MP: 2/2
   529 | D:1      | You fall through a shaft!
   535 | D:2      | Reached skill level 3 in Axes
   574 | D:2      | Noticed Sigmund
   584 | D:2      | Gained mutation: You have sharp toenails. [demonic
                  | ancestry]
   584 | D:2      | Reached XP level 3. HP: 27/27 MP: 3/3
   597 | D:2      | Killed Sigmund
   597 | D:2      | Reached skill level 4 in Axes
   597 | D:2      | Reached skill level 1 in Armour
   597 | D:2      | Reached XP level 4. HP: 15/34 MP: 4/4
   597 | D:2      | Gained mutation: You have razor-sharp toenails. [demonic
                  | ancestry]
   597 | D:2      | Reached XP level 5. HP: 18/39 MP: 5/5
   804 | D:2      | Noticed Robin
  1006 | D:2      | Noticed a phantom
  1499 | D:2      | Killed Robin
  1724 | D:3      | Reached XP level 6. HP: 40/46 MP: 6/6
  1728 | D:3      | Found a hide-covered altar of Uskayaw.
  2259 | D:3      | Gained mutation: Your muscles are strong. (Str +2) [potion
                  | of mutation]
  2259 | D:3      | Gained mutation: You are frail. (-10% HP) [potion of
                  | mutation]
  2259 | D:3      | Gained mutation: You are agile. (Dex +2) [potion of
                  | mutation]
  2611 | D:4      | Reached skill level 5 in Axes
  2648 | D:4      | Found a staircase to the Ecumenical Temple.
  2662 | Temple   | Entered the Ecumenical Temple
  2686 | Temple   | Became a worshipper of Makhleb the Destroyer
  2838 | D:4      | Found a sparkling altar of Nemelex Xobeh.
  3314 | D:5      | Entered Level 5 of the Dungeon
  3354 | D:5      | Noticed Prince Ribbit
  3487 | D:5      | Found a shimmering altar of Xom.
  3554 | D:5      | Reached XP level 7. HP: 42/46 MP: 7/7
  3642 | D:5      | Reached skill level 1 in Invocations
  4384 | D:5      | Found a shattered altar of Ashenzari.
  4979 | D:5      | Killed Prince Ribbit
  4979 | D:5      | Reached skill level 6 in Axes
  5042 | D:6      | Found a glowing silver altar of Zin.
  5058 | D:6      | Found Sinoezxikk's General Store.
  5149 | D:6      | Gained mutation: You sometimes gain a little power by
                  | taking damage. [demonic ancestry]
  5149 | D:6      | Reached XP level 8. HP: 54/54 MP: 10/10
  5152 | D:6      | Reached * piety under Makhleb
  5190 | D:6      | Noticed Edmund
  5214 | D:6      | Killed Edmund
  5362 | D:6      | Found an ornate altar of the Wu Jian Council.
  5393 | D:6      | Found a glowing golden altar of the Shining One.
  5504 | D:6      | Reached skill level 7 in Axes
  5711 | D:6      | Found a burning altar of Makhleb.
  6270 | D:7      | Reached ** piety under Makhleb
  6309 | D:7      | Reached skill level 5 in Invocations
  6321 | D:7      | Found Niggah's Antique Armour Emporium.
  6441 | D:7      | Gained mutation: You sometimes gain power by taking damage.
                  | [demonic ancestry]
  6441 | D:7      | Reached XP level 9. HP: 59/59 MP: 12/12
  6588 | D:7      | Paralysed by a hornet for 2 turns
  6595 | D:7      | Slain by a hornet

Skill      XL: |  1  2  3  4  5  6  7  8 |
---------------+-------------------------+-----
Axes           | 3 4 5 6 7 |  7.7
Dodging        | 3 4 |  4.1
Armour         | 1 2 3 4 |  4.7
Fighting       | 3 4 |  4.7
Invocations    | 3 5 |  5.2
Throwing       | |  1.7

Action                   |  1- 3 |  4- 6 |  7- 9 || total
-------------------------+-------+-------+-------++-------
Melee: War axe           |    56 |   147 |   206 ||   409
       Kick              |     5 |    49 |    66 ||   120
Evoke: Wand              |       |       |     1 ||     1
  Use: Potion            |     2 |     4 |     5 ||    11
       Scroll            |       |    11 |     1 ||    12
 Stab: Sleeping          |     1 |       |       ||     1
  Eat: Chunk             |       |     9 |     7 ||    16
       Ration            |       |       |     1 ||     1
Armor: Leather armour    |    19 |    20 |       ||    39
       Chain mail        |       |    32 |   111 ||   143
Dodge: Dodged            |    66 |   159 |   145 ||   370
